 Dungeon Crawl Stone Soup version 0.19-a0-1891-ge1d1fe8 (webtiles) character file.

205 Deemzul the Skirmisher (level 5, -4/49 HPs)
             Began as a Naga Fighter on Oct 18, 2016.
             Slain by Duvessa
             ... wielding a +0 short sword
              (7 damage)
             ... on level 4 of the Dungeon.
             The game lasted 00:02:50 (3024 turns).

Deemzul the Skirmisher (Naga Fighter)               Turns: 3024, Time: 00:02:51

Health: -4/49      AC:  7    Str: 20    XL:     5   Next: 83%
Magic:  14/14      EV: 13    Int:  8    God:
Gold:   171        SH:  7    Dex: 17    Spells: 0 memorised, 4 levels left

rFire  . . .     SeeInvis +     a - +0 war axe
rCold  . . .     Gourm    .     w - +1 chain mail {rPois}
rNeg   . . .     Faith    .     y - +2 buckler
rPois  +         Spirit   .     (no helmet)
rElec  .         Reflect  .     (no cloak)
rCorr  .         Harm     .     (no gloves)
MR     .....     Rnd*Tele +     (no barding)
Stlth  ..........               (no amulet)
                                q - ring of magical power
                                n - ring of teleportation (curse)

@: agile, short of breath, very slow
A: repulsion field 1, see invisible, deformed body, poison resistance, slowness
2, slow metabolism 1, spit poison 1, strong 1, AC +1
a: Spit Poison


You were on level 4 of the Dungeon.
You were not hungry.

You visited 1 branch of the dungeon, and saw 4 of its levels.

You collected 171 gold pieces.

Inventory:

Hand Weapons
 a - a +0 war axe (weapon)
Armour
 c - a +0 shield
 w - a +1 chain mail of poison resistance (worn)
 y - a +2 buckler (worn)
Jewellery
 b - a +5 ring of dexterity {unknown}
 n - a cursed ring of teleportation (left hand)
 q - a ring of magical power (right hand)
Scrolls
 e - 2 scrolls of magic mapping {unknown}
 h - 2 scrolls of amnesia {unknown}
 i - a scroll of teleportation {unknown}
 j - 2 scrolls of identify {unknown}
 k - a scroll of recharging {unknown}
 m - 2 scrolls of immolation {unknown}
 o - 3 scrolls of remove curse {unknown}
 p - 3 scrolls of enchant weapon {unknown}
 t - a scroll of blinking {unknown}
Potions
 d - a potion of might
 g - a potion of flight
Comestibles
 f - 5 bread rations
 l - a meat ration
 v - a royal jelly
 z - a chunk of flesh
 A - 4 fruits


   Skills:
 + Level 3.6 Fighting
 * Level 3.5 Axes
 + Level 2.9 Armour
 + Level 1.7 Dodging
 + Level 3.2 Shields


You had 4 spell levels left.
You didn't know any spells.

Dungeon Overview and Level Annotations

Branches:
Dungeon (4/15)
 Temple: D:4-7

Altars:
Fedhas

Annotations:
D:4 Dowan, Duvessa


Innate Abilities, Weirdness & Mutations

You cannot wear boots.
Your serpentine skin is tough. (AC +1)
You have supernaturally acute eyesight. (SInv)
Armour fits poorly on your strangely shaped body.
Your system is resistant to poisons. (rPois)
You cover ground very slowly.
You have a slow metabolism.
You can spit poison.
You are surrounded by a mild repulsion field. (EV +2)
Your muscles are strong. (Str +2)


Message History

Duvessa hits you with a short sword.
* * * LOW HITPOINT WARNING * * *
Dowan zaps a wand.
The puff of flame hits you!
* * * LOW HITPOINT WARNING * * *
Duvessa says, "Where magic fails, the sword succeeds!"
Duvessa hits you with a short sword.
* * * LOW HITPOINT WARNING * * *
Dowan says, "Magic and the sword, together, will defeat you."
You block Duvessa's attack.
You hit Duvessa.
Duvessa is almost dead.
Dowan mumbles some strange words.
Dowan blinks!
You block Duvessa's attack.
Press: ? - help, Shift-Dir - straight line, f - Duvessa
Aim: Duvessa, wielding a short sword (almost dead, fast)
The splash of poison hits Duvessa.
Duvessa appears unharmed.
Duvessa is almost dead.
You feel slightly more hungry. Duvessa misses you.
Duvessa hits you with a short sword!
You die...

######...# #...# #...#
#...##################
#.>..................#
##################.###
........# #.#
#.########.# ......
#§e@.e.....# ######
############


You could see Duvessa and Dowan.

Vanquished Creatures
  An orc wizard (D:3)
  2 worker ants (D:4)
  4 adders
  An ooze (D:2)
  An adder skeleton (D:4)
  A worm (D:2)
  3 leopard geckos
  7 orcs (D:3)
  2 ball pythons
  8 bats
  7 giant cockroaches
  7 hobgoblins
  4 quokkas
  2 frilled lizards
  9 goblins
  8 kobolds
  4 rats
71 creatures vanquished.

Notes
Turn   | Place    | Note
-------+----------+-------------------------------------------
     0 | D:1      | Deemzul the Naga Fighter began the quest for the Orb.
     0 | D:1      | Reached XP level 1. HP: 21/21 MP: 1/1
   130 | D:1      | Reached XP level 2. HP: 10/28 MP: 2/2
   887 | D:2      | Reached XP level 3. HP: 19/34 MP: 3/3
  1142 | D:2      | Reached skill level 1 in Dodging
  1315 | D:2      | HP: 1/34 [quokka (3)]
  1326 | D:2      | Reached XP level 4. HP: 9/42 MP: 4/4
  1543 | D:2      | Found a blossoming altar of Fedhas.
  2148 | D:3      | Reached XP level 5. HP: 39/49 MP: 5/5
  3006 | D:4      | Noticed Duvessa
  3006 | D:4      | Noticed Dowan
  3019 | D:4      | Gained mutation: Your muscles are strong. (Str +2) [potion of mutation]
  3019 | D:4      | Gained mutation: You are surrounded by a mild repulsion field. (EV +2) [potion of mutation]
  3022 | D:4      | HP: 2/49 [Duvessa/short sword (5)]
  3024 | D:4      | Slain by Duvessa

Vault maps used:
D:1:      dpeg_arrival_radiant
D:2:      fedhas_altar_2, first_bread, minmay_misc_feat_encased
D:4:      uniq_duvessa

Skill      XL: |  1  2  3  4 |
---------------+-------------+-----
Dodging        | 1 |  1.7
Axes           | 3 |  3.5
Shields        | 3 |  3.2
Fighting       | |  3.6
Armour         | |  2.9

Action                   |  1- 3 |  4- 6 || total
-------------------------+-------+-------++-------
Melee: War axe           |   126 |   165 ||   291
 Abil: Spit Poison       |     4 |     3 ||     7
  Use: Potion            |     2 |     4 ||     6
  Eat: Chunk             |     1 |     5 ||     6
Armor: Scale mail        |    72 |    28 ||   100
       Chain mail        |       |    53 ||    53
Dodge: Dodged            |    43 |    37 ||    80
Block: Shield            |    87 |    71 ||   158
       Buckler           |       |     9 ||     9
